 Dungeon Crawl Stone Soup version 0.23.2-1-ga50397a6bc (webtiles) character file.

Game seed: 17898540939548454583

70 Lysie the Cutter (level 4, -2/26 HPs)
             Began as a Kobold Assassin on May 3, 2019.
             Slain by an adder (4 damage)
             ... on level 2 of the Dungeon.
             The game lasted 00:07:11 (1816 turns).

Lysie the Cutter (Kobold Assassin)                  Turns: 1816, Time: 00:07:12

Health: -2/26      AC:  3    Str: 12 (14) XL:     4   Next: 45%
Magic:  4/4        EV: 14    Int:  9 (12) God:
Gold:   76         SH:  0    Dex: 13 (16) Spells: 3/3 levels left

rFire    . . .     SeeInvis .   a - +2 dagger
rCold    . . .     Gourm    .   (shield restricted)
rNeg     . . .     Faith    .   c - +0 robe
rPois    .         Spirit   .   (no helmet)
rElec    .         Reflect  .   d - +0 cloak
rCorr    .         Harm     .   (no gloves)
MR       .....                  (no boots)
Stlth    +++.......             (no amulet)
HPRegen  0.08/turn              (no ring)
MPRegen  0.09/turn              (no ring)

@: mighty, lethally poisoned (-2 -> -10)
A: small, carnivore
a: no special abilities


You were on level 2 of the Dungeon.
You were not hungry.

You visited 1 branch of the dungeon, and saw 2 of its levels.

You collected 76 gold pieces.

Inventory:

Hand Weapons
 a - a +2 dagger (weapon)
 b - a +0 blowgun
 g - a +1 vampiric dagger
Missiles
 e - 25 poisoned needles
 f - 2 curare-tipped needles
Armour
 c - a +0 robe (worn)
 d - a +0 cloak (worn)
 q - a +2 hat
Jewellery
 p - an uncursed ring of protection from fire
Scrolls
 i - 3 scrolls of enchant weapon {unknown}
 l - 3 scrolls of fog {unknown}
 n - 2 scrolls of identify {unknown}
 o - 3 scrolls of magic mapping {unknown}
Potions
 k - a potion of flight {unknown}
 m - a potion of magic {unknown}


   Skills:
 - Level 2.1 Fighting
 + Level 5.8 Short Blades
 - Level 2.1 Throwing
 - Level 1.2 Dodging
 - Level 5.3 Stealth


You had 3 spell levels left.
You didn't know any spells.
Your spell library was empty.

Dungeon Overview and Level Annotations

Branches:
Dungeon (2/15)

Altars:
Nemelex Xobeh


Innate Abilities, Weirdness & Mutations

You are small and have problems with some larger weapons.
You are carnivorous and can eat meat at any time.


Message History

* * * LOW HITPOINT WARNING * * *
You feel sick.
* * * LOW HITPOINT WARNING * * *
You feel sick. The adder bites you.
* * * LOW HITPOINT WARNING * * *
You are more poisoned.
The adder poisons you!
* * * LOW HITPOINT WARNING * * *
You feel sick.
It was a potion of degeneration.
There was something very wrong with that liquid.
You feel weakened.
You feel dopey.
You feel clumsy.
* * * LOW HITPOINT WARNING * * *
You feel sick. The adder barely misses you.
The adder bites you but does no damage.
It was a potion of might.
You feel very mighty all of a sudden.
* * * LOW HITPOINT WARNING * * *
You feel sick. The adder bites you.
You die...

#......#
####.....#
#......#
#........#
##......#
#.##(....#
.......##
#.##.....#
.......#
#........#
.......#
#####)†....#
.......#
#(...(..####
.......# #.......#
.......# #......@#
###.#### #.†(...S#
#)# #.......#
###.######.......#
.<...#r........#.#
#.<..#.#########.#
........# #(#
#....##.# #.#
#....##.# #.#


You could see an adder.

Vanquished Creatures
  An ooze (D:1)
  A worm (D:2)
  2 dart slugs
  2 leopard geckos (D:1)
  A giant cockroach (D:1)
  7 goblins
  6 hobgoblins
  11 jackals
  6 kobolds
  A ball python (D:2)
  5 bats
  2 frilled lizards (D:2)
  5 rats
50 creatures vanquished.

Notes
Turn   | Place    | Note
-------+----------+-------------------------------------------
     0 | D:1      | Lysie the Kobold Assassin began the quest for the Orb.
     0 | D:1      | Reached XP level 1. HP: 12/12 MP: 1/1
    74 | D:1      | Reached XP level 2. HP: 11/17 MP: 2/2
   685 | D:1      | Reached XP level 3. HP: 21/21 MP: 3/3
  1171 | D:2      | Reached skill level 5 in Short Blades
  1363 | D:2      | Reached XP level 4. HP: 20/26 MP: 4/4
  1602 | D:2      | Found a sparkling altar of Nemelex Xobeh.
  1816 | D:2      | Slain by an adder

Skill      XL: |  1  2  3 |
---------------+----------+-----
Short Blades   | 3 4 5 |  5.8
Fighting       | |  2.1
Throwing       | |  2.1
Dodging        | |  1.2
Stealth        | |  5.3

Action                   |  1- 3 |  4- 6 || total
-------------------------+-------+-------++-------
Melee: Dagger            |   148 |    70 ||   218
 Fire: Blowgun           |       |     5 ||     5
  Use: Potion            |       |     2 ||     2
 Stab: Sleeping          |     2 |     1 ||     3
  Eat: Ration            |     2 |       ||     2
Armor: Robe              |    29 |     8 ||    37
Dodge: Dodged            |    95 |    29 ||   124
